AoeStats
← Ken

Arena

506378224Analyzed
1v1 RM · 18d ago on Sep 13, 2026· 26m 53s· 2 players
Game mode
Random Map
Map size
Tiny (2 player)
Population
200
Speed
Normal
Resources
Standard
Victory
Conquest
Starting age
Dark Age
Ending age
Imperial Age
RankedLock teamsTeams togetherTeam positionsShared explorationLock speedFull tech treeHidden civsTurbo modeCheats
Victory
Defeat
🇨🇳 Bulgarians · China
948
+15
🇮🇹 Bulgarians · Italy
919
-15
Ken
10:58 Feudal Age
16:17 Castle Age
14:14 Double-Bit Axe
14:48 Horse Collar
17:14 Heavy Plow
20:56 Loom
cesar salad
5:36 Loom
10:07 Feudal Age
16:01 Castle Age
14:04 Double-Bit Axe
14:15 Horse Collar
16:17 Gold Mining
18:54 Stone Mining
27:24 Imperial Age
Connection lost

Rejoining the realm…

Still unreachable

The connection could not be restored.

Session expired

The server has moved on; the page needs a fresh start.